 Dungeon Crawl Stone Soup version 0.21.1-1-g345015f (webtiles) character file.

60 lalala the Cudgeler (level 4, -18/27 HPs)
             Began as a Gargoyle Gladiator on July 5, 2018.
             Killed from afar by an orc (33 damage)
             ... with an exploding inner flame
             ... hexed by the player character
             ... on level 4 of the Dungeon.
             The game lasted 00:09:46 (495 turns).

lalala the Cudgeler (Gargoyle Gladiator)             Turns: 495, Time: 00:09:47

Health: -18/27     AC:  8    Str: 18    XL:     4   Next: 6%
Magic:  4/4        EV: 12    Int:  9    God:
Gold:   22         SH:  0    Dex: 11    Spells: 3/3 levels left

rFire    . . .     SeeInvis .   s - +0 short sword (freeze)
rCold    . . .     Gourm    .   (no shield)
rNeg     + . .     Faith    .   b - +1 leather armour
rPois    ∞         Spirit   .   c - +0 helmet
rElec    +         Reflect  .   (no cloak)
rCorr    .         Harm     .   (no gloves)
MR       .....                  (no boots)
Stlth    +.........             i - amulet of inaccuracy
HPRegen  0.09/turn              (no ring)
MPRegen  0.09/turn              (no ring)

@: no status effects
A: negative energy resistance 1, electricity resistance, unbreathing,
petrification resistance, rot immunity, AC +3
a: no special abilities


You were on level 4 of the Dungeon.
You were not hungry.

You visited 1 branch of the dungeon, and saw 3 of its levels.

You collected 22 gold pieces.

Inventory:

Hand Weapons
 a - a +0 flail
 e - a +0 short sword
 l - a cursed -3 dagger
 p - a +0 whip
 q - a +0 club
 s - a +0 short sword of freezing (weapon)
 t - a +0 club
 u - a +0 club
Missiles
 d - 3 throwing nets
 r - 19 arrows (quivered)
Armour
 b - a +1 leather armour (worn)
 c - a +0 helmet (worn)
 j - a +2 scale mail of fire resistance
 v - a +0 ring mail
Jewellery
 i - an amulet of inaccuracy (around neck)
 n - a +6 ring of strength {unknown}
Scrolls
 w - a scroll of magic mapping {unknown}
Potions
 h - a potion of flight {unknown}
 k - a potion of lignification {unknown}
Comestibles
 f - 3 rations


   Skills:
 + Level 2.4 Fighting
 + Level 4.1 Maces & Flails
 + Level 1.8 Throwing
 + Level 0.5 Armour
 + Level 2.9 Dodging


You had 3 spell levels left.
You didn't know any spells.

Dungeon Overview and Level Annotations

Branches:
Dungeon (2/15)

Altars:

Shops:
D:4 *


Innate Abilities, Weirdness & Mutations

You are resistant to torment.
Your stone body is resilient. (AC +3)
You are immune to poison.
You resist negative energy. (rN+)
You are resistant to electric shocks. (rElec)
You can survive without breathing.
You are immune to petrification.
You are immune to rotting.


Message History

Oops, that amulet feels deathly cold.
i - a cursed amulet of inaccuracy (around neck)
The orc misses you.
As you read the scroll labeled PAEHUT GIXUCVA, it crumbles to dust.
You feel as if something is helping you.
It was a scroll of remove curse.
The orc barely misses you.
As you read the scroll labeled KUDAUL PIUHETRYLEC, it crumbles to dust.
The creatures around you are filled with an inner flame!
It was a scroll of immolation.
The orc hits you but does no damage.
You hit the orc. You freeze the orc.
The orc explodes!
The fiery explosion engulfs the orc.
The orc explodes!
The fiery explosion engulfs the orc.
The orc explodes!
You have reached level 4!
You feel clever. The fiery explosion engulfs you!
Ouch! That really hurt!
You die...

#..#...#.o......#
#..##.######...#.#
..##.# #...#
#.#..# #%..#
#.##.#.># #...#
#....⌠.⌠## ##§##
......∩..# #§§#
#####⌠.⌠.# ##§#
#......# #@#
#.####.#..<......#
#.# ............#
#># #.##.##.##.##
.<. #. #.# .# #. #
..# . .## . $ ##


There were no monsters in sight!

Vanquished Creatures
  3 adders (D:2)
  An ooze (D:2)
  A worm (D:2)
  A dart slug (D:1)
  2 orcs (D:4)
  A giant cockroach (D:2)
  3 goblins
  3 hobgoblins
  4 bats
  A frilled lizard (D:1)
  3 kobolds
  2 rats
25 creatures vanquished.

Notes
Turn   | Place    | Note
-------+----------+-------------------------------------------
     0 | D:1      | lalala the Gargoyle Gladiator began the quest for the Orb.
     0 | D:1      | Reached XP level 1. HP: 12/12 MP: 1/1
   123 | D:1      | Reached XP level 2. HP: 15/17 MP: 2/2
   293 | D:2      | Reached XP level 3. HP: 17/21 MP: 3/3
   384 | D:2      | Reached skill level 4 in Maces & Flails
   455 | D:2      | You fall through a shaft for 2 floors!
   455 | D:4      | Found Okis Hytisk's General Store.
   495 | D:4      | Reached XP level 4. HP: 15/27 MP: 4/4
   495 | D:4      | Killed from afar by an orc

Skill      XL: |  1  2  3 |
---------------+----------+-----
Maces & Flails | 4 |  4.1
Fighting       | |  2.4
Throwing       | |  1.8
Armour         | |  0.5
Dodging        | |  2.9

Action                   |  1- 3 |  4- 6 || total
-------------------------+-------+-------++-------
Melee: Flail             |   111 |       ||   111
       Short sword       |    14 |       ||    14
  Use: Potion            |     1 |       ||     1
       Scroll            |     3 |       ||     3
Armor: Leather armour    |    56 |       ||    56
Dodge: Dodged            |   110 |       ||   110
